[Event "Panevezys Elite 2018"]
[Site "Panevezys"]
[Date "2018.06.29"]
[Round "1.4"]
[White "Krivonosov, Oleg"]
[Black "Grib, Roman"]
[Result "1/2-1/2"]
[ECO "A05"]
[WhiteElo "2399"]
[BlackElo "2445"]
[Annotator "ChessBase"]
[PlyCount "72"]
[EventDate "2018.06.29"]
[EventType "swiss"]
[EventRounds "9"]
[EventCountry "LTU"]
[SourceTitle "playchess.com"]
[Source "ChessBase"]
[SourceQuality "1"]
[TimeControl "40/5400+30:1800+30"]

1. Nf3 Nf6 2. c4 g6 3. Nc3 d5 4. cxd5 Nxd5 5. e4 Nxc3 6. dxc3 Qxd1+ 7. Kxd1 Nd7 8. Bc4 Bg7 9. Kc2 Nc5 10. Re1 f5 11. Ng5 h6 12. Be3 hxg5 13. Bxc5 Rxh2 14. exf5 Bxf5+ 15. Kb3 Bf6 16. g3 b6 17. Be3 c6 18. a4 O-O-O 19. Rh1 Rxh1 20. Ba6+ Kc7 21. Rxh1 Be4 22. Re1 Bf3 23. Kc2 Be4+ 24. Kb3 Bf5 25. Rh1 Bg4 26. Kc2 Rd5 27. Bc4 Ra5 28. Bb3 Bf5+ 29. Kd2 b5 30. Ra1 g4 31. Ra3 bxa4 32. Rxa4 Rb5 33. Rxa7+ Kb8 34. Ra3 Be5 35. Kc1 Bd6 36. Bc4 Bxa3 1/2-1/2

[Event "Panevezys Elite 2018"]
[Site "Panevezys"]
[Date "2018.06.29"]
[Round "1.5"]
[White "Stremavicius, Titas"]
[Black "Van Osch, Mees"]
[Result "1-0"]
[ECO "E70"]
[WhiteElo "2448"]
[BlackElo "2324"]
[Annotator "ChessBase"]
[PlyCount "83"]
[EventDate "2018.06.29"]
[EventType "swiss"]
[EventRounds "9"]
[EventCountry "LTU"]
[SourceTitle "playchess.com"]
[Source "ChessBase"]
[SourceQuality "1"]
[TimeControl "40/5400+30:1800+30"]

1. d4 Nf6 2. c4 g6 3. Nc3 Bg7 4. e4 d6 5. Bd3 O-O 6. Nge2 Nc6 7. O-O Nd7 8. Bc2 e5 9. d5 Nd4 10. Nxd4 exd4 11. Ne2 Qf6 12. Rb1 a5 13. b3 c5 14. f4 Qh4 15. h3 f5 16. exf5 gxf5 17. Qe1 Qh6 18. Ng3 Nb8 19. Kh2 Bd7 20. Bd2 b6 21. Qe7 Qg6 22. Rbe1 Bf6 23. Qxd6 Bh4 24. Qxg6+ hxg6 25. Re5 Na6 26. a3 Nc7 27. Ne2 Ne8 28. a4 Nd6 29. Ng1 Bf6 30. Nf3 Ne4 31. Bc1 Rae8 32. Re1 Kg7 33. Bxe4 fxe4 34. R5xe4 Rxe4 35. Rxe4 Bf5 36. Re2 d3 37. Re1 Bc3 38. Bd2 Bf6 39. g4 Bc8 40. Re3 Bd7 41. Rxd3 Re8 42. Bc3 1-0

[Event "Panevezys Elite 2018"]
[Site "Panevezys"]
[Date "2018.06.29"]
[Round "1.6"]
[White "Maryasin, Boris"]
[Black "Priyanka Nutakki"]
[Result "0-1"]
[ECO "C00"]
[WhiteElo "2304"]
[BlackElo "2180"]
[Annotator "ChessBase"]
[PlyCount "74"]
[EventDate "2018.06.29"]
[EventType "swiss"]
[EventRounds "9"]
[EventCountry "LTU"]
[SourceTitle "playchess.com"]
[Source "ChessBase"]
[SourceQuality "1"]
[TimeControl "40/5400+30:1800+30"]

1. e4 e6 2. d4 d5 3. Bd3 dxe4 4. Bxe4 Nf6 5. Bf3 Bd6 6. Ne2 O-O 7. Nbc3 c6 8. Bg5 Nbd7 9. Qd2 Be7 10. O-O e5 11. Rad1 exd4 12. Nxd4 Ne5 13. Be2 h6 14. Qe3 Nfg4 15. Bxg4 Bxg5 16. Qxe5 Bxg4 17. Nxc6 Qb6 18. Rd4 Bf6 19. Qg3 Bxd4 20. Nd5 Qxb2 21. Nce7+ Kh8 22. Qxg4 Bf6 23. Nf5 Rad8 24. c4 b5 25. Qh5 Qe5 26. f4 Qe6 27. Kh1 bxc4 28. Nde3 Bd4 29. Qg4 g6 30. Nxd4 Qxg4 31. Nxg4 Rxd4 32. Ne5 Kg7 33. g3 Rfd8 34. Kg2 Rd2+ 35. Kf3 c3 36. Rc1 c2 37. h4 Rh2 0-1

[Event "Panevezys Elite 2018"]
[Site "Panevezys"]
[Date "2018.06.29"]
[Round "1.7"]
[White "Berzina, Ilze"]
[Black "Brazdzionis, Andrius"]
[Result "0-1"]
[ECO "B09"]
[WhiteElo "2173"]
[BlackElo "2252"]
[Annotator "ChessBase"]
[PlyCount "72"]
[EventDate "2018.06.29"]
[EventType "swiss"]
[EventRounds "9"]
[EventCountry "LTU"]
[SourceTitle "playchess.com"]
[Source "ChessBase"]
[SourceQuality "1"]
[TimeControl "40/5400+30:1800+30"]

1. e4 d6 2. d4 Nf6 3. Nc3 g6 4. f4 Bg7 5. Nf3 O-O 6. Bd3 Nc6 7. d5 Nb4 8. O-O c6 9. dxc6 Qb6+ 10. Kh1 bxc6 11. Qe2 Nxd3 12. cxd3 Rb8 13. Bd2 Ba6 14. b3 Nd7 15. Rad1 Nc5 16. Be1 Ne6 17. Nh4 Nd4 18. Qg4 f5 19. exf5 Nxf5 20. Nxf5 Rxf5 21. Ne4 Rbf8 22. Bh4 Qc7 23. Bg5 e5 24. Rf3 h6 25. Bxh6 Bxh6 26. Qxg6+ Qg7 27. Qe6+ Kh7 28. Rg3 Qf7 29. Qxd6 Rh5 30. Qxc6 Bxf4 31. Qxa6 Rxh2+ 32. Kg1 Rh6 33. Qb5 Qh5 34. Rf3 Be3+ 35. Kf1 Rxf3+ 36. Ke2 Rf2+ 0-1

[Event "Panevezys Elite 2018"]
[Site "Panevezys"]
[Date "2018.06.29"]
[Round "1.8"]
[White "Vovk, Ilja"]
[Black "Tsiganova, Monika"]
[Result "1-0"]
[ECO "A05"]
[WhiteElo "2273"]
[BlackElo "2131"]
[Annotator "ChessBase"]
[PlyCount "69"]
[EventDate "2018.06.29"]
[EventType "swiss"]
[EventRounds "9"]
[EventCountry "LTU"]
[SourceTitle "playchess.com"]
[Source "ChessBase"]
[SourceQuality "1"]
[TimeControl "40/5400+30:1800+30"]

1. Nf3 Nf6 2. g3 g6 3. Bg2 Bg7 4. O-O O-O 5. d3 d5 6. Nbd2 c5 7. e4 Nc6 8. exd5 Nxd5 9. Re1 e5 10. a3 Be6 11. Rb1 h6 12. Ne4 b6 13. c4 Nde7 14. b4 f5 15. Ned2 Qxd3 16. b5 e4 17. bxc6 Rad8 18. Qa4 Qd6 19. Bb2 Nxc6 20. Nh4 g5 21. Bxg7 Kxg7 22. Nxf5+ Bxf5 23. Nxe4 Qg6 24. Rbc1 Rf7 25. Nxg5 Qxg5 26. Qxc6 Rd2 27. Bd5 Bd7 28. Qd6 Qf5 29. Qe5+ Qxe5 30. Rxe5 Kf6 31. Rce1 Rg7 32. R5e4 Bf5 33. Rf4 Kg6 34. Re5 Bd7 35. Be4+ 1-0

[Event "Panevezys Elite 2018"]
[Site "Panevezys"]
[Date "2018.06.29"]
[Round "1.9"]
[White "Stasans, Aivars"]
[Black "Ratsma, Midas"]
[Result "1/2-1/2"]
[ECO "B09"]
[WhiteElo "2071"]
[BlackElo "2253"]
[Annotator "ChessBase"]
[PlyCount "62"]
[EventDate "2018.06.29"]
[EventType "swiss"]
[EventRounds "9"]
[EventCountry "LTU"]
[SourceTitle "playchess.com"]
[Source "ChessBase"]
[SourceQuality "1"]
[TimeControl "40/5400+30:1800+30"]

1. e4 g6 2. d4 Bg7 3. Nc3 d6 4. f4 Nf6 5. Nf3 O-O 6. Bd3 Na6 7. O-O e5 8. dxe5 dxe5 9. Bxa6 bxa6 10. Nxe5 Bb7 11. Qe2 Qe7 12. Qc4 Ne8 13. Be3 Nd6 14. Qa4 f6 15. Nd7 Rfe8 16. e5 Nb5 17. Nc5 Nxc3 18. bxc3 Bd5 19. Rad1 Rad8 20. c4 Bf7 21. Rxd8 Rxd8 22. Nd3 fxe5 23. Nxe5 Bxe5 24. fxe5 Qxe5 25. Bxa7 c5 26. Qa5 Qd4+ 27. Kh1 Bxc4 28. Bxc5 Qd5 29. Re1 Rc8 30. Bb4 Bb5 31. Qb6 Bc6 1/2-1/2

[Event "Panevezys Elite 2018"]
[Site "Panevezys"]
[Date "2018.06.29"]
[Round "1.10"]
[White "Parligras, Cosmin"]
[Black "Bekasovs, Rihards"]
[Result "1/2-1/2"]
[ECO "D79"]
[WhiteElo "2231"]
[BlackElo "2052"]
[Annotator "ChessBase"]
[PlyCount "121"]
[EventDate "2018.06.29"]
[EventType "swiss"]
[EventRounds "9"]
[EventCountry "LTU"]
[SourceTitle "playchess.com"]
[Source "ChessBase"]
[SourceQuality "1"]
[TimeControl "40/5400+30:1800+30"]

1. g3 Nf6 2. Bg2 d5 3. Nf3 g6 4. O-O Bg7 5. d4 O-O 6. c4 c6 7. cxd5 cxd5 8. Ne5 Nc6 9. Nc3 e6 10. Nxc6 bxc6 11. Bf4 Nd7 12. Na4 e5 13. dxe5 Nxe5 14. Rc1 Bd7 15. b3 Qe7 16. Qd2 Rfd8 17. Bg5 f6 18. Be3 Bf5 19. Bc5 Qe6 20. Bd4 Nf7 21. Rc3 Ng5 22. Rfc1 Rd6 23. Nc5 Qf7 24. h4 Ne6 25. Nxe6 Qxe6 26. Be3 Bh3 27. Bf4 Bxg2 28. Kxg2 Rdd8 29. Rxc6 Qe4+ 30. Kg1 Re8 31. R1c2 f5 32. f3 Qd4+ 33. e3 Qxd2 34. Rxd2 Rac8 35. Rxc8 Rxc8 36. Kf2 Kf7 37. Ke2 Ke6 38. Kd1 d4 39. exd4 Kd5 40. Rc2 Rxc2 41. Kxc2 Bxd4 42. Kd3 a6 43. Be3 Be5 44. Bf2 Bb2 45. b4 Be5 46. a4 Bd6 47. Kc3 h5 48. Kb3 Be7 49. b5 axb5 50. axb5 g5 51. b6 Kc6 52. hxg5 Bxg5 53. f4 Be7 54. Kc4 Bd6 55. Be3 Be7 56. b7 Kxb7 57. Kd5 h4 58. Ke6 Bd8 59. gxh4 Bxh4 60. Kxf5 Bg3 61. Ke4 1/2-1/2

[Event "Panevezys Elite 2018"]
[Site "Panevezys"]
[Date "2018.06.29"]
[Round "1.11"]
[White "Prigodin, Ruslan"]
[Black "Malinin, Yuri"]
[Result "1/2-1/2"]
[ECO "A40"]
[WhiteElo "2036"]
[BlackElo "2176"]
[Annotator "ChessBase"]
[PlyCount "69"]
[EventDate "2018.06.29"]
[EventType "swiss"]
[EventRounds "9"]
[EventCountry "LTU"]
[SourceTitle "playchess.com"]
[Source "ChessBase"]
[SourceQuality "1"]
[TimeControl "40/5400+30:1800+30"]

1. d4 g6 2. Nf3 Bg7 3. e4 d6 4. Bd3 e5 5. O-O Nc6 6. Bb5 Bd7 7. d5 Nce7 8. Bxd7+ Qxd7 9. c4 f6 10. Nc3 Nh6 11. b4 O-O 12. c5 Nf7 13. Qb3 Kh8 14. a4 f5 15. Ng5 fxe4 16. Ne6 Rfe8 17. Nxe4 Nf5 18. Bb2 Nd4 19. Bxd4 exd4 20. cxd6 cxd6 21. Nxg7 Kxg7 22. Qd3 Qe7 23. Qxd4+ Qe5 24. Rfd1 Rac8 25. Qxe5+ Rxe5 26. f3 Rc2 27. Rac1 Rxd5 28. Rxd5 Rxc1+ 29. Kf2 Rc4 30. b5 Rxa4 31. Nxd6 Nxd6 32. Rxd6 b6 33. Rd7+ Kg8 34. Rd8+ Kg7 35. Rd7+ 1/2-1/2

[Event "Panevezys Elite 2018"]
[Site "Panevezys"]
[Date "2018.06.29"]
[Round "1.12"]
[White "Juksta, Karolis"]
[Black "Sinitsina, Anastassia"]
[Result "1-0"]
[ECO "A00"]
[WhiteElo "2187"]
[BlackElo "2101"]
[Annotator "ChessBase"]
[PlyCount "121"]
[EventDate "2018.06.29"]
[EventType "swiss"]
[EventRounds "9"]
[EventCountry "LTU"]
[SourceTitle "playchess.com"]
[Source "ChessBase"]
[SourceQuality "1"]
[TimeControl "40/5400+30:1800+30"]

1. d4 Nf6 2. c4 c5 3. d5 e6 4. Nc3 exd5 5. cxd5 d6 6. e4 g6 7. f4 Bg7 8. e5 Nfd7 9. Nb5 dxe5 10. Nd6+ Ke7 11. Nxc8+ Qxc8 12. Nf3 Re8 13. fxe5 Nxe5 14. Bb5 Nbd7 15. Nxe5 Bxe5 16. O-O a6 17. d6+ Kd8 18. Rxf7 axb5 19. Bg5+ Bf6 20. Bxf6+ Nxf6 21. Rxf6 Qc6 22. Qf1 Ra4 23. Rf7 Qxd6 24. Qxb5 Ree4 25. Qxb7 Reb4 26. Qf3 Rxb2 27. Rd1 Rd4 28. Qa8+ Rb8 29. Qa5+ Ke8 30. Rdf1 Rdb4 31. Rxh7 Qd4+ 32. Kh1 Rb1 33. Qa6 Rxf1+ 34. Qxf1 Qf6 35. Qe1+ Kf8 36. h3 Rb2 37. Qg3 Kg8 38. Rc7 Qf5 39. Kh2 Rb4 40. Rc6 g5 41. Qd6 Qf4+ 42. Qxf4 gxf4 43. Rxc5 Ra4 44. Rc2 Kg7 45. Kg1 Kg6 46. Kf2 Ra3 47. Ke1 Kg5 48. Rf2 Ra4 49. Kf1 Ra3 50. Ke1 Ra4 51. Kd1 Kh4 52. Rf3 Rxa2 53. Rxf4+ Kg5 54. Rg4+ Kf5 55. Ke1 Rb2 56. Kf1 Ra2 57. Kg1 Ra1+ 58. Kh2 Ra2 59. Rb4 Kg5 60. h4+ Kh5 61. Kh3 1-0

[Event "Panevezys Elite 2018"]
[Site "Panevezys"]
[Date "2018.06.29"]
[Round "1.13"]
[White "Kalinowska, Zuzanna"]
[Black "Vicas, Marijus"]
[Result "1-0"]
[ECO "A00"]
[WhiteElo "1968"]
[BlackElo "2183"]
[Annotator "ChessBase"]
[PlyCount "107"]
[EventDate "2018.06.29"]
[EventType "swiss"]
[EventRounds "9"]
[EventCountry "LTU"]
[SourceTitle "playchess.com"]
[Source "ChessBase"]
[SourceQuality "1"]
[TimeControl "40/5400+30:1800+30"]

1. d4 Nf6 2. c4 g6 3. Nc3 d5 4. cxd5 Nxd5 5. e4 Nxc3 6. bxc3 Bg7 7. Nf3 c5 8. Be3 O-O 9. Qd2 cxd4 10. cxd4 b6 11. Rc1 Bb7 12. Bd3 Nd7 13. O-O Nf6 14. d5 Ng4 15. Bf4 f5 16. Ng5 e5 17. Ne6 Qd6 18. Rc7 Rf7 19. Rfc1 exf4 20. Rxf7 Bh6 21. Qb2 Kxf7 22. Rc7+ Kg8 23. Rg7+ Kh8 24. Rxb7+ Qe5 25. Qxe5+ Nxe5 26. Bc2 Rc8 27. exf5 Kg8 28. Rc7 Rxc7 29. Nxc7 Bf8 30. fxg6 hxg6 31. Ne6 Bd6 32. Nxf4 Nf3+ 33. gxf3 Bxf4 34. Bxg6 b5 35. h4 Kf8 36. Kf1 Ke7 37. Ke2 Kd6 38. Bf7 a5 39. Kd3 Ke5 40. h5 Bh6 41. Be8 Kxd5 42. Bxb5 Ke5 43. Bd7 Bf8 44. Kc4 Kf4 45. Kb5 Kxf3 46. Kxa5 Bc5 47. h6 Bxf2 48. h7 Bd4 49. Kb5 Kf4 50. Kc4 Bf6 51. a4 Ke5 52. Kc5 Ke4 53. a5 Bd4+ 54. Kc4 1-0

[Event "Panevezys Elite 2018"]
[Site "Panevezys"]
[Date "2018.06.30"]
[Round "2.1"]
[White "Starostits, Ilmars"]
[Black "Stremavicius, Titas"]
[Result "1/2-1/2"]
[ECO "E06"]
[WhiteElo "2449"]
[BlackElo "2448"]
[Annotator "ChessBase"]
[PlyCount "26"]
[EventDate "2018.06.29"]
[EventType "swiss"]
[EventRounds "9"]
[EventCountry "LTU"]
[SourceTitle "playchess.com"]
[Source "ChessBase"]
[SourceQuality "1"]
[TimeControl "40/5400+30:1800+30"]

1. Nf3 d5 2. d4 Nf6 3. c4 e6 4. g3 Be7 5. Bg2 O-O 6. O-O dxc4 7. Qa4 a6 8. Qxc4 b5 9. Qc2 Bb7 10. Bd2 Be4 11. Qb3 Bd5 12. Qc2 Be4 13. Qb3 Bd5 1/2-1/2

[Event "Panevezys Elite 2018"]
[Site "Panevezys"]
[Date "2018.06.30"]
[Round "2.2"]
[White "Badelka, Olga"]
[Black "Kveinys, Aloyzas"]
[Result "0-1"]
[ECO "A11"]
[WhiteElo "2407"]
[BlackElo "2537"]
[Annotator "ChessBase"]
[PlyCount "100"]
[EventDate "2018.06.29"]
[EventType "swiss"]
[EventRounds "9"]
[EventCountry "LTU"]
[SourceTitle "playchess.com"]
[Source "ChessBase"]
[SourceQuality "1"]
[TimeControl "40/5400+30:1800+30"]

1. c4 c6 2. Nf3 d5 3. e3 Nf6 4. b3 Bf5 5. Bb2 Nbd7 6. Be2 h6 7. d3 e6 8. Qc2 Be7 9. Nbd2 O-O 10. O-O Re8 11. a3 a5 12. Bc3 Bf8 13. b4 axb4 14. axb4 dxc4 15. Nxc4 Nd5 16. Rxa8 Qxa8 17. Ra1 Qb8 18. e4 Nxc3 19. Qxc3 Bg4 20. Nd4 Bxe2 21. Nxe2 Nf6 22. h3 Rd8 23. Rb1 Qc7 24. Ne5 Bd6 25. Nc4 Be7 26. Ne5 Qb6 27. Nc4 Qa6 28. Qc2 Ne8 29. Nc3 Nc7 30. Rb2 b5 31. Nd2 Qb6 32. Na2 Na6 33. Nf3 c5 34. bxc5 Bxc5 35. Rb1 b4 36. Nc1 Bd4 37. Kf1 Qb5 38. Ke2 Bf6 39. Nb3 Bc3 40. Nc1 Qd7 41. Na2 Rc8 42. Rc1 Rc7 43. Qb1 Qa4 44. Nd2 Bxd2 45. Rxc7 Nxc7 46. Kxd2 b3 47. Nc1 Qb4+ 48. Kd1 b2 49. Ne2 Qb3+ 50. Kd2 Nb5 0-1

[Event "Panevezys Elite 2018"]
[Site "Panevezys"]
[Date "2018.06.30"]
[Round "2.3"]
[White "Grib, Roman"]
[Black "Laurusas, Tomas"]
[Result "1-0"]
[ECO "B40"]
[WhiteElo "2445"]
[BlackElo "2465"]
[Annotator "ChessBase"]
[PlyCount "59"]
[EventDate "2018.06.29"]
[EventType "swiss"]
[EventRounds "9"]
[EventCountry "LTU"]
[SourceTitle "playchess.com"]
[Source "ChessBase"]
[SourceQuality "1"]
[TimeControl "40/5400+30:1800+30"]

1. e4 c5 2. Nf3 e6 3. c4 a6 4. Nc3 Qc7 5. d4 cxd4 6. Nxd4 Nf6 7. Nc2 b6 8. Bd3 Bd6 9. Bg5 Nc6 10. Qe2 Bb7 11. g3 Ne5 12. f4 Nxd3+ 13. Qxd3 Rc8 14. Rf1 Be7 15. e5 Ng8 16. Bxe7 Nxe7 17. O-O-O Bc6 18. Nb4 b5 19. Nxc6 Qxc6 20. cxb5 axb5 21. Kb1 b4 22. Nb5 Rb8 23. Nd6+ Kf8 24. f5 Kg8 25. fxe6 fxe6 26. Nf7 Nd5 27. Rc1 Qa4 28. Nh6+ gxh6 29. Qf3 Nc3+ 30. Rxc3 1-0

[Event "Panevezys Elite 2018"]
[Site "Panevezys"]
[Date "2018.06.30"]
[Round "2.6"]
[White "Brazdzionis, Andrius"]
[Black "Juksta, Karolis"]
[Result "1/2-1/2"]
[ECO "A06"]
[WhiteElo "2252"]
[BlackElo "2187"]
[Annotator "ChessBase"]
[PlyCount "77"]
[EventDate "2018.06.29"]
[EventType "swiss"]
[EventRounds "9"]
[EventCountry "LTU"]
[SourceTitle "playchess.com"]
[Source "ChessBase"]
[SourceQuality "1"]
[TimeControl "40/5400+30:1800+30"]

1. Nf3 d5 2. d4 e6 3. c4 Nf6 4. g3 dxc4 5. Qa4+ Nbd7 6. Bg2 a6 7. Qxc4 b5 8. Qc2 Bb7 9. O-O c5 10. a4 cxd4 11. Nxd4 Bxg2 12. Kxg2 Bc5 13. Nb3 Be7 14. N1d2 O-O 15. Nf3 Rc8 16. Qd1 Nb6 17. axb5 axb5 18. Qxd8 Rfxd8 19. Nbd4 b4 20. Ra6 Bc5 21. Nb3 Nbd5 22. Bg5 Be7 23. Rc1 Rxc1 24. Nxc1 h6 25. Bxf6 Nxf6 26. Nd3 Nd7 27. Ra7 Bf8 28. h4 g6 29. Kh3 e5 30. e4 f6 31. Rb7 Nc5 32. Nxc5 Bxc5 33. Kg2 Rd1 34. Rc7 Bf8 35. Rc2 Kf7 36. Nd2 Ke6 37. Nf1 Rb1 38. Nd2 Rd1 39. Nf1 1/2-1/2

[Event "Panevezys Elite 2018"]
[Site "Panevezys"]
[Date "2018.06.30"]
[Round "2.7"]
[White "Priyanka Nutakki"]
[Black "Vovk, Ilja"]
[Result "0-1"]
[ECO "C55"]
[WhiteElo "2180"]
[BlackElo "2273"]
[Annotator "ChessBase"]
[PlyCount "96"]
[EventDate "2018.06.29"]
[EventType "swiss"]
[EventRounds "9"]
[EventCountry "LTU"]
[SourceTitle "playchess.com"]
[Source "ChessBase"]
[SourceQuality "1"]
[TimeControl "40/5400+30:1800+30"]

1. e4 e5 2. Nf3 Nc6 3. Bc4 Nf6 4. d3 Be7 5. O-O O-O 6. Re1 d6 7. a4 Kh8 8. Nc3 Bg4 9. h3 Bh5 10. Be3 Qd7 11. Nd5 Nxd5 12. exd5 Nd4 13. Bxd4 exd4 14. g4 Bg6 15. Nxd4 Bf6 16. Ne2 h5 17. Nc3 Rae8 18. Qf3 Re5 19. Rxe5 Bxe5 20. Ne2 Bxb2 21. Rb1 Be5 22. Rxb7 Qxa4 23. gxh5 Bh7 24. Rxc7 Qxc2 25. Rxa7 f5 26. d4 Qb1+ 27. Kg2 f4 28. Ba2 Qb6 29. Ra3 Bxd4 30. Rb3 Qa7 31. Nxf4 Kg8 32. Ra3 Qe7 33. Qg4 Qe4+ 34. Rf3 Bf5 35. Qg3 Be5 36. h6 g5 37. Qxg5+ Kh8 38. Bb1 Qxb1 39. Ng6+ Bxg6 40. Rxf8+ Kh7 41. Qe7+ Kxh6 42. Qh4+ Bh5 43. Rg8 Qf5 44. Kg1 Bf6 45. Qg3 Qb1+ 46. Kg2 Qe4+ 47. Kf1 Be2+ 48. Kg1 Bf3 0-1

[Event "Panevezys Elite 2018"]
[Site "Panevezys"]
[Date "2018.06.30"]
[Round "2.8"]
[White "Ratsma, Midas"]
[Black "Kalinowska, Zuzanna"]
[Result "1-0"]
[ECO "E32"]
[WhiteElo "2253"]
[BlackElo "1968"]
[Annotator "ChessBase"]
[PlyCount "69"]
[EventDate "2018.06.29"]
[EventType "swiss"]
[EventRounds "9"]
[EventCountry "LTU"]
[SourceTitle "playchess.com"]
[Source "ChessBase"]
[SourceQuality "1"]
[TimeControl "40/5400+30:1800+30"]

1. d4 Nf6 2. c4 e6 3. Nc3 Bb4 4. Qc2 O-O 5. Nf3 c5 6. dxc5 Na6 7. g3 Nxc5 8. Bg2 Nce4 9. O-O Nxc3 10. bxc3 Be7 11. e4 d6 12. e5 dxe5 13. Nxe5 Qc7 14. Qe2 Bd6 15. Re1 Rb8 16. Rb1 Nd7 17. Bf4 Nb6 18. Rbd1 f6 19. Rxd6 fxe5 20. Bxe5 Nxc4 21. Rxe6 Nxe5 22. Qxe5 Qxe5 23. R6xe5 b5 24. Bd5+ Kh8 25. Re7 a5 26. Ra7 a4 27. Ree7 Bf5 28. Rxg7 Rbd8 29. c4 bxc4 30. Bxc4 Rd2 31. f3 Rc2 32. Rgc7 Rd8 33. Bf1 Rxa2 34. g4 Rg8 35. Bc4 1-0

[Event "Panevezys Elite 2018"]
[Site "Panevezys"]
[Date "2018.06.30"]
[Round "2.9"]
[White "Malinin, Yuri"]
[Black "Parligras, Cosmin"]
[Result "1/2-1/2"]
[ECO "A09"]
[WhiteElo "2176"]
[BlackElo "2231"]
[Annotator "ChessBase"]
[PlyCount "104"]
[EventDate "2018.06.29"]
[EventType "swiss"]
[EventRounds "9"]
[EventCountry "LTU"]
[SourceTitle "playchess.com"]
[Source "ChessBase"]
[SourceQuality "1"]
[TimeControl "40/5400+30:1800+30"]

1. Nf3 d5 2. c4 d4 3. b4 g5 4. Bb2 Bg7 5. e3 e5 6. exd4 exd4 7. Bd3 g4 8. Qe2+ Qe7 9. Bxd4 gxf3 10. Qxe7+ Nxe7 11. Bxg7 Rg8 12. Bc3 Bf5 13. Bxf5 fxg2 14. Rg1 Nxf5 15. f3 Nc6 16. Kf2 O-O-O 17. Rxg2 Rxg2+ 18. Kxg2 Ncd4 19. Na3 Ne2 20. Re1 Nxc3 21. dxc3 Rd2+ 22. Kh3 Rxa2 23. Nb5 a6 24. Re5 axb5 25. Rxf5 bxc4 26. Rc5 b5 27. Rxb5 Rc2 28. Kg4 Rxc3 29. Kf4 Rb3 30. Ke4 h6 31. Rf5 Rxb4 32. Rxf7 c3+ 33. Kd3 Rc4 34. Kc2 Kb7 35. f4 Kb6 36. f5 Kb5 37. Rh7 Rc6 38. f6 Rxf6 39. Rxc7 Kb4 40. Rb7+ Kc4 41. Rc7+ Kd4 42. Rxc3 Rf2+ 43. Kb3 Rxh2 44. Rc6 h5 45. Rc4+ Kd5 46. Rf4 Ke5 47. Rc4 h4 48. Ka3 Kf5 49. Rb4 Rh1 50. Ka2 h3 51. Rb3 Rh2+ 52. Ka3 Rh1 1/2-1/2

[Event "Panevezys Elite 2018"]
[Site "Panevezys"]
[Date "2018.06.30"]
[Round "2.10"]
[White "Bekasovs, Rihards"]
[Black "Stasans, Aivars"]
[Result "1/2-1/2"]
[ECO "A05"]
[WhiteElo "2052"]
[BlackElo "2071"]
[Annotator "NA"]
[PlyCount "103"]
[EventDate "2018.06.29"]
[EventType "swiss"]
[EventRounds "9"]
[EventCountry "LTU"]
[SourceTitle "playchess.com"]
[Source "ChessBase"]
[SourceQuality "1"]
[TimeControl "40/5400+30:1800+30"]

1. Nf3 Nf6 2. c4 g6 3. b3 Bg7 4. Bb2 O-O 5. g3 c5 6. Bg2 Nc6 7. O-O d6 8. d4 cxd4 9. Nxd4 Nxd4 10. Bxd4 Qa5 11. e3 Rb8 12. Bc3 Qc7 13. Nd2 b5 14. Rc1 b4 15. Bd4 e5 16. Bb2 Bb7 17. Bxb7 Rxb7 18. Qf3 Rb6 19. Rfd1 Qc6 20. Qxc6 Rxc6 21. a3 a5 22. axb4 axb4 23. Ra1 Rb8 24. Ra5 Ne8 25. Kf1 f5 26. Ke2 Nc7 27. Rda1 Kf7 28. Ra7 Bf6 29. h4 Ke6 30. e4 h6 31. R1a5 Bd8 32. Ra2 Rbb6 33. f3 Ra6 34. R2xa6 Rxa6 35. Rb7 Ra2 36. Bc1 Na6 37. exf5+ gxf5 38. Rh7 Nc5 39. Rxh6+ Bf6 40. g4 Nxb3 41. Kd1 Nxc1 42. Kxc1 fxg4 43. fxg4 Kf7 44. Ne4 Be7 45. Nxd6+ Bxd6 46. Rxd6 Rg2 47. Rb6 Rxg4 48. Rxb4 Rxh4 49. Rb6 Rxc4+ 50. Kd2 Ke7 51. Ke3 Ra4 52. Rh6 1/2-1/2

[Event "Panevezys Elite 2018"]
[Site "Panevezys"]
[Date "2018.06.30"]
[Round "2.11"]
[White "Vicas, Marijus"]
[Black "Prigodin, Ruslan"]
[Result "1-0"]
[ECO "B12"]
[WhiteElo "2183"]
[BlackElo "2036"]
[Annotator "ChessBase"]
[PlyCount "55"]
[EventDate "2018.06.29"]
[EventType "swiss"]
[EventRounds "9"]
[EventCountry "LTU"]
[SourceTitle "playchess.com"]
[Source "ChessBase"]
[SourceQuality "1"]
[TimeControl "40/5400+30:1800+30"]

1. e4 c6 2. d4 d5 3. e5 Bf5 4. Nf3 e6 5. Be2 c5 6. Be3 cxd4 7. Nxd4 Ne7 8. c4 Nbc6 9. Qa4 a6 10. cxd5 b5 11. Nxc6 Nxc6 12. Qf4 Nb4 13. O-O Nxd5 14. Qg3 Nxe3 15. Qxe3 Rc8 16. Rd1 Qc7 17. a4 Bc5 18. Qg3 O-O 19. axb5 axb5 20. Bxb5 Rb8 21. Nc3 Bb4 22. Bf1 Rfc8 23. Nb5 Qc2 24. Nd6 Rc5 25. Nxf7 Bg6 26. Ng5 Qxb2 27. Nxe6 Rxe5 28. Rab1 1-0

[Event "Panevezys Elite 2018"]
[Site "Panevezys"]
[Date "2018.06.30"]
[Round "2.12"]
[White "Tsiganova, Monika"]
[Black "Maryasin, Boris"]
[Result "0-1"]
[ECO "A00"]
[WhiteElo "2131"]
[BlackElo "2304"]
[Annotator "ChessBase"]
[PlyCount "52"]
[EventDate "2018.06.29"]
[EventType "swiss"]
[EventRounds "9"]
[EventCountry "LTU"]
[SourceTitle "playchess.com"]
[Source "ChessBase"]
[SourceQuality "1"]
[TimeControl "40/5400+30:1800+30"]

1. d4 Nf6 2. c4 e6 3. Nf3 d5 4. Nc3 dxc4 5. e3 a6 6. Bxc4 b5 7. Bd3 Bb7 8. O-O c5 9. Qe2 Nc6 10. Rd1 Qc7 11. a4 b4 12. Ne4 cxd4 13. exd4 Nd5 14. Bd2 Be7 15. Rac1 Qb6 16. Neg5 Nxd4 17. Nxd4 Qxd4 18. Bb5+ Kf8 19. Bc6 Bxc6 20. Rxc6 Rd8 21. Qf3 Qf6 22. Rdc1 h6 23. Qh3 Kg8 24. Nf3 Qxb2 25. Qg3 Nc3 26. Qe5 Rxd2 0-1

[Event "Panevezys Elite 2018"]
[Site "Panevezys"]
[Date "2018.06.30"]
[Round "2.13"]
[White "Sinitsina, Anastassia"]
[Black "Berzina, Ilze"]
[Result "0-1"]
[ECO "A00"]
[WhiteElo "2101"]
[BlackElo "2173"]
[Annotator "ChessBase"]
[PlyCount "82"]
[EventDate "2018.06.29"]
[EventType "swiss"]
[EventRounds "9"]
[EventCountry "LTU"]
[SourceTitle "playchess.com"]
[Source "ChessBase"]
[SourceQuality "1"]
[TimeControl "40/5400+30:1800+30"]

1. e4 c6 2. d4 d5 3. Nd2 dxe4 4. Nxe4 Nd7 5. Nf3 Ngf6 6. Neg5 e6 7. Bd3 h6 8. Ne4 Nxe4 9. Bxe4 Nf6 10. Bd3 b6 11. Qe2 Bb7 12. Bd2 Qc7 13. O-O-O O-O-O 14. Kb1 Bd6 15. c4 c5 16. dxc5 Bxc5 17. Bc3 Rhe8 18. h3 Nh5 19. g3 Nf6 20. Rhe1 Kb8 21. Bc2 Ka8 22. Ne5 Rf8 23. f4 h5 24. g4 hxg4 25. hxg4 Bd6 26. g5 Ng8 27. Be4 Ne7 28. Rf1 Nf5 29. Bxf5 exf5 30. b3 Rfe8 31. Qb2 Be4+ 32. Ka1 Bc5 33. a3 f6 34. gxf6 gxf6 35. Rxd8+ Qxd8 36. Ng6 Qd3 37. Rc1 Qg3 38. b4 Be3 39. Re1 Bd4 40. Bxd4 Qxe1+ 41. Ka2 Qg3 0-1